Map: Oxide LE

Players

MarineLorD

  • Race: Terran Terran
  • League: Master

Clem - Winner!

  • Race: Terran Terran

Event: DreamHack SC2 Masters 2021 Fall

VOD

Have the link to the VOD?

Description

Time

  • Played on: Aug. 10, 2021, 3:16 p.m.
  • Length: 10:40

All games in this series

Show
View Real Time Build Order
Export as new Build Order

MarineLorD Terran 

Build Orders:  

Get SALT Encoding   

  12  0:00  SCV  
  13  0:12  SCV  
  14  0:17  Supply Depot  
  14  0:24  SCV  
  15  0:38  SCV  
  15  0:39  Barracks  
  16  0:51  SCV  
  16  0:54  Barracks  
  17  1:03  SCV  
  18  1:04  Refinery  
  18  1:15  SCV  
  20  1:39  Command Center  
  19  1:43  Barracks Tech Lab  
  19  1:44  Marine  
  20  1:52  Supply Depot  
  20  2:02  Marauder  
  20  2:08  Orbital Command  
  22  2:11  Marine  
  23  2:23  Marauder  
  23  2:26  Refinery  
  23  2:29  Marine  
  26  2:33  SCV  
  27  2:45  SCV, Marauder  
  27  2:48  Marine  
  31  2:55  Orbital Command  
  31  3:00  SCV  
  30  3:12  SCV  
  28  3:13  Factory  
  28  3:23  SCV  
  28  3:24  SCV  
  28  3:26  Barracks Reactor  
  30  3:35  SCV  
  30  3:36  SCV  
  32  3:46  Refinery  
  32  3:47  SCV  
  33  3:50  SCV  
  33  3:59  Starport, Factory Tech Lab  
  33  4:02  Marine x2  
  35  4:03  SCV x2  
  37  4:17  SCV  
  37  4:18  SCV, Command Center  
  37  4:19  Siege Tank  
  44  4:27  Supply Depot  
  44  4:29  SCV  
  44  4:30  SCV  
  44  4:35  Viking  
  46  4:44  Supply Depot  
  46  4:48  Marine x2  
  46  4:49  SCV, Supply Depot  
  49  4:54  Cyclone  
  49  4:55  SCV  
  53  5:01  SCV  
  51  5:07  SCV  
  51  5:13  SCV  
  52  5:15  Marine x2  
  52  5:16  Starport Tech Lab  
  52  5:19  SCV  
  55  5:22  Supply Depot  
  55  5:25  SCV  
  55  5:26  Siege Tank  
  59  5:31  Orbital Command  
  59  5:32  SCV  
  60  5:36  Refinery, Raven  
  60  5:37  SCV  
  60  5:41  Marine x2  
  65  5:44  SCV  
  65  5:49  SCV  
  67  5:56  SCV, Barracks  
  68  5:57  SCV, Barracks  
  68  6:01  SCV, Siege Tank  
  73  6:04  Marine x2  
  73  6:08  SCV  
  73  6:09  SCV  
  77  6:11  Supply Depot  
  77  6:13  SCV  
  78  6:22  SCV x2  
  78  6:23  Engineering Bay  
  78  6:24  Engineering Bay  
  80  6:29  SCV  
  80  6:30  Viking x2  
  85  6:34  Orbital Command  
  85  6:37  SCV  
  85  6:39  Siege Tank  
  89  6:40  Marine, Stimpack  
  89  6:45  SCV  
  91  6:55  SCV  
  91  6:57  SCV  
  91  7:00  Viking x2  
  97  7:01  Marine  
  97  7:04  Barracks Reactor x2  
  97  7:05  Terran Infantry Armor Level 1, Terran Infantry Weapons Level 1  
  97  7:06  SCV  
  97  7:07  SCV  
  100  7:10  SCV  
  100  7:19  SCV  
  101  7:24  Supply Depot x2, Siege Tank, SCV  
  101  7:26  Marine  
  106  7:30  Viking  
  108  7:38  SCV  
  108  7:40  Refinery  
  108  7:41  Refinery  
  109  7:45  Marine x5, Viking  
  115  7:51  SCV  
  115  7:52  SCV  
  111  8:02  Siege Tank  
  111  8:03  Marine x5  
  108  8:06  SCV x2  
  101  8:19  Medivac x2  
  101  8:21  Marine x5  
  101  8:33  Orbital Command  
  80  8:38  Marine x5  
  80  8:40  Barracks  
  80  8:41  Barracks  
  85  8:46  Siege Tank  
  88  8:50  Armory  
  88  8:51  Combat Shield  
  88  8:56  Marine x5  
  89  9:13  SCV  
  89  9:14  Marine x5  
  89  9:23  Siege Tank  
  89  9:24  Medivac x2  
  90  9:28  Marine, SCV  
  94  9:32  Marine x5  
  94  9:35  SCV  
  101  9:40  Barracks Reactor  
  101  9:43  Refinery x2, SCV  
  101  9:47  Marine  
  101  9:50  Marine x5  
  107  9:54  Medivac x2  
  111  10:05  Marine  
  111  10:07  Marine x5  
  109  10:18  Marine x2  
Show
View Real Time Build Order
Export as new Build Order

Clem Terran - Winner!

Build Orders:  

Get SALT Encoding   

  12  0:00  SCV  
  13  0:12  SCV  
  14  0:17  Supply Depot  
  14  0:24  SCV  
  15  0:38  SCV  
  15  0:39  Barracks  
  16  0:43  Refinery  
  16  0:50  SCV  
  16  0:52  Refinery  
  17  1:02  SCV  
  18  1:15  SCV  
  19  1:26  Reaper  
  19  1:27  Supply Depot, Orbital Command  
  20  1:40  Factory  
  20  1:52  SCV  
  21  1:58  Reaper  
  22  2:05  SCV  
  23  2:14  Command Center  
  23  2:17  SCV  
  24  2:23  Hellion  
  24  2:29  SCV  
  27  2:34  Marine  
  27  2:36  Supply Depot  
  28  2:41  SCV  
  29  2:46  Hellion  
  29  2:50  Bunker  
  31  2:57  Marine  
  31  2:58  SCV  
  31  3:10  SCV  
  31  3:12  Factory Tech Lab  
  32  3:15  Marine  
  33  3:23  SCV  
  33  3:25  Starport  
  34  3:31  Cyclone  
  34  3:33  Marine  
  38  3:35  Orbital Command  
  38  3:37  SCV  
  37  3:44  Refinery  
  37  3:51  SCV  
  37  4:00  SCV  
  37  4:02  Medivac  
  40  4:03  SCV, Siege Tank  
  40  4:09  Marine  
  45  4:12  SCV  
  45  4:16  SCV, Supply Depot  
  47  4:25  SCV  
  47  4:28  SCV  
  49  4:31  Barracks Reactor, Command Center  
  49  4:37  SCV  
  50  4:40  SCV  
  50  4:45  Raven, Factory Tech Lab  
  53  4:46  Supply Depot  
  53  4:49  SCV  
  53  4:52  SCV  
  55  4:54  Supply Depot  
  55  4:59  Refinery  
  55  5:01  SCV  
  55  5:05  Siege Tank  
  54  5:08  SCV  
  54  5:09  Marine x2  
  54  5:13  SCV  
  58  5:18  Supply Depot  
  58  5:20  SCV  
  59  5:25  SCV  
  59  5:27  Marine x2, Raven  
  64  5:32  SCV  
  65  5:38  SCV  
  65  5:39  Barracks x2  
  65  5:40  Siege Tank  
  65  5:41  Supply Depot  
  69  5:44  SCV  
  70  5:50  SCV, Engineering Bay  
  70  5:51  Marine x2, Engineering Bay  
  70  5:56  SCV  
  74  6:02  SCV  
  76  6:06  Orbital Command  
  76  6:08  SCV  
  76  6:12  Siege Tank  
  76  6:14  SCV  
  80  6:19  Terran Infantry Armor Level 1, Terran Infantry Weapons Level 1  
  80  6:20  SCV  
  80  6:22  Supply Depot  
  80  6:24  Viking x2  
  85  6:27  SCV  
  85  6:30  Barracks Reactor  
  85  6:31  Barracks Reactor  
  86  6:33  SCV x2  
  86  6:35  Supply Depot  
  86  6:36  Marine  
  86  6:38  Stimpack  
  86  6:39  SCV  
  90  6:44  Siege Tank  
  90  6:45  SCV x2  
  95  6:48  Supply Depot  
  95  6:51  SCV  
  95  6:53  Marine  
  97  6:57  SCV x2  
  97  6:59  Viking x2  
  103  7:03  SCV  
  103  7:05  Supply Depot  
  103  7:06  Refinery  
  103  7:07  Refinery, Marine  
  103  7:08  Marine x3  
  108  7:09  SCV x2  
  108  7:11  Marine  
  108  7:13  Barracks  
  108  7:14  Barracks  
  111  7:18  SCV  
  111  7:21  SCV  
  113  7:23  Siege Tank  
  113  7:25  Marine x2  
  113  7:27  Marine, Supply Depot, SCV  
  120  7:30  SCV  
  120  7:35  Marine x2, Viking x2  
  127  7:40  Supply Depot  
  127  7:43  Marine  
  128  7:46  Marine  
  128  7:47  SCV  
  128  7:51  Marine  
  128  7:52  SCV  
  128  7:57  Marine  
  123  7:59  Marine, Siege Tank  
  123  8:00  SCV  
  123  8:03  Marine x3  
  123  8:05  SCV  
  129  8:08  Marine, Supply Depot x2  
  129  8:09  Marine  
  129  8:12  Command Center  
  129  8:15  Marine, SCV  
  129  8:16  Armory  
  129  8:17  Barracks Reactor  
  131  8:21  Marine x2  
  131  8:25  Viking x2  
  131  8:26  Marine  
  127  8:29  Marine x2, SCV  
  127  8:33  Marine  
  125  8:39  Marine x2, SCV  
  125  8:40  Siege Tank  
  131  8:44  Marine  
  131  8:46  Marine, Combat Shield  
  133  8:49  Sensor Tower  
  133  8:51  Marine  
  133  8:53  Marine x3  
  133  8:54  Factory  
  133  8:55  Supply Depot  
  137  8:57  Marine, Medivac x2  
  137  8:59  Marine  
  137  9:02  Marine  
  144  9:04  Marine  
  144  9:08  Marine  
  128  9:11  Marine x2  
  128  9:12  Marine  
  128  9:14  Marine, Siege Tank  
  127  9:20  Marine  
  127  9:22  Marine  
  127  9:23  Barracks Reactor  
  129  9:26  Marine  
  129  9:29  Marine x2  
  129  9:30  Marine  
  133  9:32  Marine  
  133  9:37  Medivac x2  
  133  9:38  Marine  
  139  9:40  Marine  
  139  9:44  Marine  
  141  9:46  Marine  
  141  9:47  Marine  
  141  9:50  Marine x2, Factory Tech Lab  
  143  9:53  Planetary Fortress  
  143  9:57  Marine, Siege Tank  
  143  9:58  Marine  
  143  9:59  SCV  
  149  10:02  Marine  
  149  10:03  SCV  
  149  10:04  Marine  
  149  10:05  SCV  
  151  10:08  Marine x2  
  151  10:11  Marine x3  
  156  10:15  Marine x2  
  156  10:20  Marine  

Tags
 
Add a new tag
Caveats
  • Supply blocks, unpowered buildings, or Contaminate may cause inaccurate times.
  • Supply counts are checked every 10 seconds.